 Dungeon Crawl Stone Soup version 0.29-a0-334-gb41bcbb86e (webtiles) character file.

Game seed: 1677105671612665070

1636 zazu2006 the Stinger (level 8, 0/102 HPs)
             Began as a Naga Hedge Wizard on Apr 15, 2022.
             Slain by a worm (3 damage)
             ... on level 6 of the Dungeon.
             The game lasted 00:17:03 (7633 turns).

zazu2006 the Stinger (Naga Hedge Wizard)            Turns: 7633, Time: 00:17:04

Health: 0/102      AC:  8    Str: 13    XL:     8   Next: 98%
Magic:  2/16       EV:  9    Int: 17    God:
Gold:   353        SH:  0    Dex: 10    Spells: 9/18 levels left

rFire   . . .      SeeInvis +   q - +4 dagger
rCold   . . .      Faith    .   (no shield)
rNeg    . . .      Spirit   .   r - +0 leather armour
rPois   +          Reflect  .   v - +0 helmet
rElec   .          Harm     .   (no cloak)
rCorr   .          Rampage  .   x - +2 pair of gloves
Will    ++...                   (no barding)
Stlth   ..........              (no amulet)
HPRegen 0.27/turn               b - ring of willpower
MPRegen 0.15/turn               (no ring)

@: berserking, quick
A: AC +2, large, see invisible, deformed body, poison resistance, slowness 2,
spit poison 1, naga tail 1
a: Spit Poison


You were on level 6 of the Dungeon.
You visited 1 branch of the dungeon, and saw 6 of its levels.

You collected 423 gold pieces.
You spent 70 gold pieces at shops.

Inventory:

Hand Weapons
 e - a +0 long sword of flaming
 q - a +4 dagger (weapon)
Armour
 r - a +0 leather armour (worn)
 v - a +0 helmet (worn)
 w - +0 acid dragon scales
 x - a +2 pair of gloves (worn)
Magical Staves
 f - a staff of earth
Jewellery
 b - a ring of willpower (left hand)
 i - an amulet of reflection
Wands
 s - a wand of polymorph (3)
 u - a wand of flame (67)
Scrolls
 d - 2 scrolls of fear
 g - a scroll of amnesia
 h - 4 scrolls of teleportation
 j - a scroll of fog
 m - a scroll of summoning
 o - 2 scrolls of holy word
 p - 2 scrolls of immolation
 y - a scroll of enchant weapon
Potions
 k - a potion of brilliance
 l - a potion of cancellation
 n - 6 potions of flight
 t - a potion of might {unknown}
 z - 2 potions of magic


   Skills:
 + Level 2.7 Fighting
 + Level 3.4 Armour
 + Level 2.9 Dodging
 + Level 5.6 Stealth
 + Level 5.5 Spellcasting
 + Level 4.2 Conjurations
 + Level 1.0 Summonings
 + Level 1.0 Translocations
 + Level 0.5 Fire Magic
 + Level 1.6 Air Magic
 * Level 5.8 Poison Magic
 + Level 1.3 Evocations


You had 9 spell levels left.
You knew the following spells:

 Your Spells              Type           Power      Damage    Failure   Level
a - Magic Dart            Conj           76%        1d6       3%          1
b - Mephitic Cloud        Conj/Pois/Air  17%        N/A       10%         3
c - Conjure Flame         Conj/Fire      12%        6-21      19%         3
d - Blink                 Tloc           16%        N/A       17%         2

Your spell library contained the following spells:

 Spells                   Type           Power      Damage    Failure   Level
 Slow                     Hex            16%        N/A       17%         1
 Call Imp                 Summ           8%         N/A       17%         2


Dungeon Overview and Level Annotations

Branches:
Dungeon (6/15)
 Temple: D:4-7

Altars:

Shops:
D:1 ?

Annotations:
D:6 Pikel


Innate Abilities, Weirdness & Mutations

Your serpentine skin is tough. (AC +2)
You have supernaturally acute eyesight. (SInv)
Armour fits poorly on your strangely shaped body.
Your system is resistant to poisons. (rPois)
You cover ground very slowly.
You can spit poison.
You have a snake-like lower body.


Message History

The rat appears confused.
The rat barely misses you.
The rat completely misses itself.
The lemure is engulfed in noxious fumes.
The lemure appears confused.
The river rat is engulfed in noxious fumes.
The river rat appears confused.
The river rat barely misses you.
You barely miss the river rat.
The worm is engulfed in noxious fumes.
The worm appears confused.
The worm bites you!
* * * LOW HITPOINT WARNING * * *
The river rat is engulfed in noxious fumes.
The river rat appears confused.
The river rat misses you.
The river rat bites itself.
The river rat is engulfed in noxious fumes.
The river rat appears confused.
The river rat bites the river rat.
Unknown command.
It was a potion of berserk rage.
A red film seems to cover your vision as you go berserk!
You feel yourself moving faster!
You feel mighty!
The river rat is engulfed in noxious fumes.
The river rat appears confused.
The river rat closely misses you.
The rat is engulfed in noxious fumes.
The rat appears confused.
The rat bites you but does no damage.
You hit the worm. You punch the worm.
The worm is heavily wounded.
The worm bites you but does no damage.
Unknown command.
Unknown command.
You puncture the rat!
You kill the rat!
The river rat closely misses the river rat.
The river rat bites you.
* * * LOW HITPOINT WARNING * * *
Your magical contamination has completely faded away.
Unknown command.
You puncture the lemure!
The lemure is moderately wounded.
The river rat bites the river rat.
The lemure hits you.
* * * LOW HITPOINT WARNING * * *
The worm bites you.
You die...

##### #≈≈..## #≈≈≈..#
+≈.≈..# ##+≈≈...# ####
≈≈≈≈≈.rr# #.. ≈≈.≈.r†@#
#.#
≈.....w5#############.#
.......r......l.[.....#
........##............#
##########............##
#..............
#...........###
#...........+ .
#...........###


You could see a lemure (confused), a worm (confused), 3 river rats and a rat.

Vanquished Creatures
  Maggie (D:6)
  A troll (D:5)
  Grinder (D:4)
  2 sky beasts
  A black bear (D:4)
  A lemure (D:6)
  A phantom (D:5)
  A scorpion (D:4)
  A hound (D:4)
  A gnoll shaman (D:6)
  3 iguanas
  Natasha (thrice) (D:4)
  Ijyb (D:4)
  8 adders
  12 gnolls
  A white imp (D:5)
  2 ufetubi
  A worm (D:2)
  4 dart slugs
  8 orcs
  7 ball pythons
  10 bats
  3 endoplasms
  2 giant cockroaches (D:2)
  7 goblins
  2 hobgoblins
  4 jackals (D:1)
  5 kobolds
  5 quokkas
  3 frilled lizards
  5 rats
107 creatures vanquished.

Notes
Turn   | Place    | Note
-------+----------+-------------------------------------------
     0 | D:1      | zazu2006 the Naga Hedge Wizard began the quest for the Orb.
     0 | D:1      | Reached XP level 1. HP: 15/15 MP: 4/4
   318 | D:1      | Reached XP level 2. HP: 22/22 MP: 4/6
   848 | D:1      | Found Soatzaedd's Magic Scroll Boutique.
   972 | D:1      | Bought a scroll of identify for 20 gold pieces
   972 | D:1      | Bought a scroll of identify for 20 gold pieces
  1018 | D:1      | Bought a scroll of teleportation for 30 gold pieces
  1140 | D:1      | Reached XP level 3. HP: 28/28 MP: 5/8
  1144 | D:1      | Learned a level 3 spell: Mephitic Cloud
  1148 | D:1      | Learned a level 3 spell: Conjure Flame
  1151 | D:1      | Learned a level 2 spell: Blink
  1686 | D:2      | Reached XP level 4. HP: 32/36 MP: 1/10
  1759 | D:2      | Reached skill level 1 in Poison Magic
  2126 | D:2      | Reached skill level 1 in Fighting
  2822 | D:3      | Reached XP level 5. HP: 44/44 MP: 9/11
  3117 | D:3      | Found a faded altar of an unknown god.
  3940 | D:4      | Noticed Grinder
  4156 | D:4      | Reached skill level 1 in Armour
  4220 | D:4      | Reached XP level 6. HP: 43/51 MP: 7/12
  4370 | D:4      | Noticed Ijyb
  4381 | D:4      | Killed Ijyb
  4429 | D:4      | Noticed Natasha
  4439 | D:4      | Killed Natasha
  4658 | D:4      | Noticed Natasha
  4667 | D:4      | Killed Natasha
  4743 | D:4      | Noticed a black bear
  4751 | D:4      | Killed a black bear
  4792 | D:4      | Noticed Natasha
  4801 | D:4      | Killed Natasha
  4802 | D:4      | Reached XP level 7. HP: 32/58 MP: 8/13
  4948 | D:4      | Killed Grinder
  5860 | D:5      | Entered Level 5 of the Dungeon
  5874 | D:5      | Reached skill level 1 in Evocations
  5966 | D:5      | Noticed a troll
  6301 | D:5      | Killed a troll
  6302 | D:5      | Reached skill level 5 in Stealth
  6302 | D:5      | Reached skill level 1 in Air Magic
  6302 | D:5      | Reached XP level 8. HP: 24/67 MP: 4/15
  6790 | D:5      | Reached skill level 5 in Spellcasting
  7415 | D:6      | Reached skill level 5 in Poison Magic
  7445 | D:6      | Noticed Maggie
  7496 | D:6      | Killed Maggie
  7546 | D:6      | Noticed Pikel
  7633 | D:6      | HP: 3/102 [lemure[Pikel] (5)]
  7633 | D:6      | Slain by a worm

Illustrated notes

Levels and vault maps discovered:
D:1:      minmay_arrival_doors, layout_basic, serial_shops,
          nicolae_shop_temple_entry_statues_fountains, minmay_misc_feat_encased,
          minmay_pentomino_q2
D:2:      layout_loops_corners
D:3:      layout_loops_ring, dreamdust_ecumenical_altar_hidden_monk_grotto,
          roderic_lattice_a, nicolae_elevator_lobby_plus
D:4:      layout_basic, kennysheep_opposing_triangles, uniq_ijyb, uniq_grinder,
          uniq_natasha
D:5:      layout_rooms
D:6:      layout_basic, nzn_hepliaklqana_mist_gate, portal_sewer_entry_e,
          roderic_batcave, uniq_pikel, uniq_maggie

Skill      XL: |  1  2  3  4  5  6  7  8 |
---------------+-------------------------+-----
Spellcasting   | 4 5 |  5.5
Poison Magic   | 1 2 3 4 5 |  5.8
Fighting       | 1 2 |  2.7
Conjurations   | 2 3 4 |  4.2
Armour         | 1 2 3 |  3.4
Stealth        | 4 5 |  5.6
Dodging        | 2 |  2.9
Evocations     | 1 |  1.3
Air Magic      | 1 |  1.6
Summonings     | |  1.0
Translocations | |  1.0
Fire Magic     | |  0.5

Action                   |  1- 3 |  4- 6 |  7- 9 || total
-------------------------+-------+-------+-------++-------
Melee: Dagger            |    14 |    51 |    93 ||   158
       Punch             |       |       |     2 ||     2
 Cast: Magic Dart        |    65 |    83 |    52 ||   200
       Mephitic Cloud    |       |     8 |    29 ||    37
       Conjure Flame     |       |       |     4 ||     4
 Abil: Spit Poison       |    12 |    12 |    15 ||    39
Evoke: Wand              |       |       |    11 ||    11
  Use: Scroll            |     2 |     3 |     9 ||    14
       Potion            |       |       |     4 ||     4
 Stab: Confused          |       |     2 |     5 ||     7
       Sleeping          |       |     1 |     1 ||     2
Armor: Robe              |     9 |     1 |       ||    10
       Leather armour    |       |    12 |    48 ||    60
Dodge: Dodged            |    21 |    43 |    72 ||   136

Table legend: (Time is in decaauts)
 A = Elapsed time spent in this place.
 B = Non-inter-level travel time spent in this place.
 C = Inter-level travel time spent in this place.
 D = Time resting spent in this place.
 E = Time spent auto-exploring this place.
 F = Levels seen in this place.
 G = Mean time per level.
                   A        B        C        D        E       F      G
               +--------+--------+--------+--------+--------+-----+--------+
         Total |   9165 |   8826 |    339 |    461 |   6819 |   6 | 1527.5 |
       Dungeon |   9165 |   8826 |    339 |    461 |   6819 |   6 | 1527.5 |
               +--------+--------+--------+--------+--------+-----+--------+

Top non-repeatable levels by time:
     D:4: 2334 daAuts
     D:1: 1763 daAuts
     D:3: 1624 daAuts
     D:2: 1599 daAuts
     D:5: 1276 daAuts
     D:6: 567 daAuts
